Map: Ascensão para Aiur LE

Players

IagoAbreu - Winner!

  • Race: Terran Terran
  • Spawn Location: 5:00

I.A. 1 (Mais difícil)

  • Race: Protoss Protoss
  • Spawn Location: 11:00

VOD

Have the link to the VOD?

Description

Time

  • Played on: Jan. 4, 2018, 9:22 a.m.
  • Length: 28:01
Show
View Real Time Build Order
Export as new Build Order

IagoAbreu Terran - Winner!

Build Orders:  

Get SALT Encoding   

  12  0:01  SCV  
  13  0:13  SCV  
  14  0:23  Supply Depot  
  14  0:25  SCV  
  15  0:38  Supply Depot  
  15  0:45  SCV  
  16  0:52  Barracks  
  16  0:58  Refinery  
  16  0:59  SCV  
  17  1:11  SCV, Supply Depot  
  18  1:23  SCV  
  19  1:35  SCV  
  19  1:39  Supply Depot x2  
  20  1:44  Barracks Reactor  
  20  1:51  Barracks  
  20  2:17  Barracks  
  20  2:20  Barracks  
  20  2:36  Marine x2  
  22  2:40  Barracks Reactor  
  22  2:48  Bunker  
  22  2:54  Marine x2  
  22  2:57  SCV  
  25  3:09  SCV, Barracks Reactor x2  
  26  3:21  SCV  
  26  3:24  Engineering Bay  
  27  3:33  SCV  
  28  3:38  Marine x4  
  32  3:49  Marine x3  
  32  3:50  Marine  
  36  4:00  Refinery  
  36  4:02  Neosteel Frame  
  36  4:10  Marine x4  
  36  4:11  Marine x3  
  36  4:12  Marine  
  44  4:21  Engineering Bay  
  44  4:38  Sensor Tower  
  44  5:17  Orbital Command  
  44  5:43  Command Center  
  44  5:50  Marine x6  
  44  5:51  Marine x2  
  52  5:58  Terran Infantry Weapons Level 1  
  52  6:00  Terran Infantry Armor Level 1  
  30  6:48  Reaper x2  
  30  6:49  Reaper x5  
  30  6:50  Reaper  
  38  7:20  Marine x3  
  38  7:21  Marine x5  
  46  7:38  Marine  
  46  7:42  Marine x5  
  46  7:43  Marine x2  
  43  8:11  Factory  
  43  8:22  Reaper x2  
  43  8:23  Reaper x6  
  51  8:54  Reaper  
  51  8:55  Reaper x6  
  59  9:02  Reaper  
  59  9:20  Armory  
  59  10:02  Refinery  
  59  10:04  Planetary Fortress, Refinery  
  29  11:36  Reaper x5  
  29  11:37  Reaper x3  
  37  12:08  Reaper x4  
  38  12:09  Reaper x4  
  41  12:51  Reaper x3  
  41  12:52  Reaper x5  
  41  12:54  Terran Infantry Weapons Level 2  
  48  13:11  Factory Tech Lab  
  48  13:21  SCV  
  49  13:28  Marine x4  
  49  13:29  Marine x4  
  49  13:33  SCV  
  58  13:39  Siege Tank  
  61  13:45  SCV  
  61  13:46  Marine x5  
  61  13:47  Marine x3  
  70  13:54  Terran Infantry Armor Level 2  
  70  13:58  Terran Vehicle Weapons Level 1  
  70  14:13  SCV, Siege Tank  
  74  14:18  Supply Depot  
  74  14:19  Supply Depot  
  74  14:20  Supply Depot x2  
  74  14:25  SCV  
  75  14:45  Cyclone  
  45  16:40  Marine x6  
  45  16:41  Marine x2  
  53  16:57  Marine  
  53  16:58  Marine x6  
  53  16:59  Marine  
  61  17:17  Starport  
  61  17:18  Starport  
  61  17:19  Command Center  
  61  17:24  Refinery  
  61  17:25  Refinery  
  61  17:27  Reaper x2  
  61  17:28  Reaper x6  
  69  17:33  Terran Infantry Weapons Level 3  
  69  17:59  Reaper  
  70  18:11  Starport Reactor  
  70  18:12  Starport Reactor  
  70  18:31  Command Center  
  70  18:56  Liberator  
  70  19:01  Liberator  
  76  19:49  Liberator x2  
  76  20:03  Refinery  
  76  20:04  Refinery  
  77  21:23  Planetary Fortress  
  74  21:45  Marine x2  
  74  21:46  Marine x4  
  74  21:47  Marine x2  
  37  22:03  Marine x3  
  37  22:04  Marine x5  
  25  22:32  Marine  
  25  22:33  Marine x6  
  25  22:34  Marine  
  32  22:43  SCV  
  33  22:50  Marine x2  
  33  22:51  Marine x6  
  41  23:11  Reaper x4  
  41  23:12  Reaper x4  
  49  23:35  Starport  
  49  23:37  Starport  
  49  23:43  Reaper x4  
  49  23:44  Reaper x4  
  48  24:15  Marine x5  
  48  24:16  Marine x3  
  44  25:24  Marine x3  
  44  25:25  Marine  
  44  26:00  Marine x2  
  48  26:10  Missile Turret  
  46  26:14  Missile Turret  
Show
View Real Time Build Order
Export as new Build Order

I.A. 1 (Mais difícil) Protoss 

Build Orders:  

Get SALT Encoding   

  12  0:00  Probe  
  13  0:13  Probe  
  14  0:19  Pylon  
  14  0:25  Probe  
  15  0:37  Probe  
  15  0:41  Gateway  
  16  0:47  Assimilator  
  17  0:50  Probe  
  17  1:00  Pylon  
  17  1:02  Probe  
  18  1:14  Probe  
  19  1:26  Probe  
  19  1:30  Zealot  
  19  1:31  Cybernetics Core  
  22  1:44  Gateway  
  22  1:47  Assimilator  
  22  1:57  Zealot  
  24  2:03  Pylon  
  24  2:24  Zealot  
  24  2:26  Warp Gate  
  26  2:31  Adept  
  28  2:42  Pylon  
  28  2:51  Zealot  
  28  2:58  Zealot  
  32  3:18  Zealot  
  34  3:22  Pylon  
  34  3:25  Stalker  
  36  3:45  Stalker  
  38  3:51  Probe  
  38  3:55  Stalker  
  41  4:03  Probe  
  41  4:07  Pylon  
  42  4:15  Adept, Probe  
  45  4:24  Forge  
  45  4:25  Stalker  
  45  4:27  Probe  
  48  4:39  Probe  
  49  4:50  Stalker  
  49  4:51  Probe  
  52  5:03  Zealot  
  54  6:13  Protoss Ground Weapons Level 1, Sentry  
  54  6:16  Gateway  
  56  6:18  Pylon  
  56  6:20  Photon Cannon, Nexus, Sentry  
  56  6:22  Photon Cannon  
  56  6:25  Robotics Facility  
  58  6:27  Stargate  
  58  6:31  Forge  
  58  6:36  Sentry  
  58  6:43  Pylon, Sentry  
  56  6:50  Twilight Council  
  56  6:59  Sentry  
  58  7:03  Protoss Ground Armor Level 1  
  58  7:12  Observer  
  59  7:33  Probe x2  
  59  7:34  Observer  
  62  7:41  Pylon  
  62  7:43  Pylon  
  62  7:44  Stalker  
  62  7:45  Assimilator, Probe x2  
  62  7:51  Zealot  
  62  7:57  Probe  
  62  7:58  Zealot, Probe  
  50  8:06  Adept  
  50  8:09  Probe  
  50  8:12  Probe  
  54  8:14  Zealot  
  56  8:21  Zealot, Probe  
  56  8:24  Probe  
  60  8:28  Adept  
  60  8:33  Probe  
  63  8:35  Stalker  
  63  8:36  Probe  
  66  8:42  Stalker  
  66  8:45  Probe  
  69  8:48  Probe  
  69  8:49  Stalker  
  72  8:57  Probe  
  72  8:58  Photon Cannon, Stalker  
  72  9:00  Probe  
  76  9:09  Photon Cannon, Probe  
  77  9:57  Assimilator  
  77  10:12  Immortal  
  81  10:16  Gateway  
  81  10:20  Pylon  
  81  10:23  Nexus  
  81  10:24  Stalker x2  
  81  10:25  Stalker x2  
  73  10:37  Probe  
  60  10:49  Probe  
  54  10:52  Immortal  
  54  11:02  Probe  
  52  11:06  Nexus  
  44  11:14  Probe  
  45  11:20  Robotics Bay  
  45  11:26  Probe  
  45  11:30  Warp Prism  
  48  11:38  Probe x2  
  50  11:50  Probe  
  51  11:56  Probe  
  52  12:03  Probe  
  52  12:08  Probe  
  54  12:15  Probe  
  54  12:20  Probe  
  54  12:22  Probe  
  52  12:29  Probe  
  50  12:34  Probe  
  47  12:40  Probe  
  48  12:45  Probe  
  48  12:49  Probe  
  50  12:53  Probe  
  51  13:01  Probe  
  51  13:02  Probe  
  51  13:05  Probe  
  54  13:13  Probe  
  54  13:14  Probe  
  54  13:17  Probe  
  57  13:25  Probe  
  58  13:27  Probe  
  58  13:29  Probe  
  60  13:37  Probe  
  60  13:39  Probe  
  62  13:41  Probe  
  62  13:47  Colossus  
  69  13:49  Probe  
  70  14:12  Immortal  
  70  14:13  Immortal  
  70  14:14  Immortal  
  70  14:24  Stalker  
  72  14:37  Void Ray  
  76  14:41  Warp Prism  
  76  14:59  Probe x2  
  62  15:11  Probe x2  
  61  15:17  Observer  
  61  15:20  Phoenix  
  60  15:23  Probe x2  
  46  15:38  Stalker, Warp Prism  
  50  15:45  Stalker  
  50  15:51  Stalker  
  50  15:56  Probe x2  
  41  15:57  Stalker  
  41  16:01  Zealot  
  44  16:08  Probe, Nexus  
  44  16:11  Probe  
  45  16:16  Pylon  
  42  16:52  Nexus  
  42  17:01  Pylon  
  42  17:12  Adept, Probe  
  45  17:17  Probe  
  46  17:24  Probe  
  47  17:36  Probe  
  48  17:37  Pylon  
  48  17:41  Probe  
  49  17:48  Probe  
  50  17:53  Probe  
  51  18:00  Probe  
  51  18:05  Probe  
  53  18:06  Probe  
  53  18:12  Probe  
  55  18:17  Probe  
  55  18:18  Probe  
  57  18:24  Probe  
  58  18:29  Probe  
  58  18:30  Probe  
  60  18:36  Probe  
  61  18:41  Probe  
  61  18:43  Probe  
  63  19:06  Zealot  
  65  19:10  Adept  
  65  19:15  Adept  
  69  19:18  Sentry  
  71  19:27  Immortal  
  75  19:38  Zealot  
  75  19:43  Zealot  
  79  19:47  Adept  
  79  19:51  Adept  
  83  19:59  Adept  
  85  20:03  Adept  
  85  20:04  Nexus  
  87  20:21  Disruptor  
  90  20:56  Disruptor, Stalker  
  92  21:02  Stalker  
  97  21:06  Sentry  
  99  21:13  Probe  
  99  21:16  Probe x3  
  93  21:21  Stalker  
  93  21:25  Probe  
  90  21:28  Probe x2  
  89  21:34  Probe  
  89  21:37  Probe  
  91  21:41  Probe  
  91  21:43  Probe  
  91  21:46  Probe  
  76  21:51  Probe  
  69  21:57  Stalker  
  61  22:02  Sentry  
  61  22:06  Disruptor  
  62  22:10  Adept  
  62  22:15  Zealot  
  66  22:20  Zealot  
  64  22:33  Void Ray  
  62  22:37  Zealot  
  62  22:42  Zealot  
  66  22:46  Stalker  
  66  22:50  Stalker  
  70  22:55  Disruptor  
  73  22:59  Stalker  
  73  23:04  Sentry  
  77  23:09  Adept, Assimilator  
  77  23:12  Assimilator  
  79  23:14  Assimilator  
  79  23:16  Void Ray  
  83  23:27  Assimilator  
  83  23:30  Disruptor  
  83  23:33  Assimilator  
  86  23:34  Probe  
  85  23:47  Probe  
  79  23:50  Adept, Probe x2  
  79  23:51  Probe  
  70  23:56  Adept  
  70  24:02  Probe x2  
  75  24:04  Probe  
  75  24:07  Immortal  
  69  24:22  Nexus  
  61  24:38  Probe  
  46  24:40  Probe  
  44  24:46  Immortal  
  44  24:50  Probe  
  44  24:52  Probe  
  38  25:02  Probe  
  18  25:14  Probe  
  17  25:26  Probe  
  18  25:34  Probe  
  14  25:46  Probe  
  11  25:58  Probe  
  12  26:11  Probe  
  13  26:23  Probe  
  12  26:35  Probe  
  7  26:47  Probe  
  7  26:49  Pylon  
Tags
 
Add a new tag
Caveats
  • Supply blocks, unpowered buildings, or Contaminate may cause inaccurate times.
  • Supply counts are checked every 10 seconds.